 Dungeon Crawl Stone Soup version 0.19-a0-1051-gdb7e7f8 (webtiles) character file.

126 Musica the Sneak (level 5, -10/34 HPs)
             Began as an Octopode Assassin on Aug 2, 2016.
             Killed by divine providence
             ... invoked by an orc priest
              (11 damage)
             ... on level 3 of the Dungeon.
             The game lasted 00:09:27 (1730 turns).

Musica the Sneak (Octopode Assassin)                Turns: 1730, Time: 00:09:28

Health: -10/34     AC:  1    Str: 10    XL:     5   Next: 10%
Magic:  5/5        EV: 12    Int: 21    God:
Gold:   84         SH:  4    Dex: 16    Spells: 0 memorised, 4 levels left

rFire  . . .     SeeInvis .     l - +2 whip (freeze)
rCold  . . .     Gourm    .     m - +0 buckler
rNeg   . . .     Faith    .     (helmet restricted)
rPois  .         Spirit   .     (no amulet)
rElec  .         Dismiss  .     (no ring)
rCorr  .         Reflect  .     (no ring)
SustAt .         Harm     .     (no ring)
MR     .....                    (no ring)
Stlth  +++++.....               (no ring)
                                (no ring)
                                (no ring)
                                (no ring)

@: brilliant, flying, not resistant to hostile enchantments, quite stealthy
A: almost no armour, amphibious, 8 rings, constrict 8, camouflage 1, agile 1,
clever 1, wild magic 1, gelatinous body 1
a: no special abilities


You were on level 3 of the Dungeon.
You were hungry.

You visited 1 branch of the dungeon, and saw 4 of its levels.

You collected 84 gold pieces.

Inventory:

Hand Weapons
 a - a +2 dagger
 b - a +0 blowgun
 l - a +2 whip of freezing (weapon)
 v - a +0 rapier
Missiles
 c - 3 poisoned needles
 d - 2 curare-tipped needles
Armour
 i - a +0 shield
 m - a +0 buckler (worn)
Wands
 r - a wand of lightning (8/15)
Scrolls
 e - 4 scrolls of noise {unknown}
 g - 2 scrolls of fear {unknown}
 j - 2 scrolls of remove curse {unknown}
 o - 2 scrolls of identify {unknown}
 p - a scroll of immolation {unknown}
Potions
 t - a potion of cure mutation {unknown}
 u - a potion of haste {unknown}
Comestibles
 f - 2 bread rations
 n - a meat ration
 q - 2 chunks of flesh


   Skills:
 - Level 2.0 Fighting
 + Level 2.4 Short Blades
 + Level 0.6 Maces & Flails
 + Level 2.6 Throwing
 - Level 1.0 Dodging
 + Level 7.8 Stealth
 + Level 0.2 Shields


You had 4 spell levels left.
You didn't know any spells.

Dungeon Overview and Level Annotations

Branches:
Dungeon (4/15)
 Temple: D:4-7

Altars:
Gozag
Hepliaklqana


Innate Abilities, Weirdness & Mutations

You cannot wear most types of armour.
You are amphibious.
You can wear up to eight rings at the same time.
You can use your tentacles to constrict eight enemies at once.
Your skin changes colour to match your surroundings (Stealth+).
Your rubbery body absorbs attacks. (AC +1, EV +1)
You are agile. (Dex +2)
Your mind is acute. (Int +2)
Your spells are a little harder to cast, but a little more powerful.


Message History

The orc priest shouts!
You hit the orc but do no damage. Your grab misses the orc.
You squeeze the orc.
The orc is moderately wounded.
You block the orc's attack.
You barely miss the orc. You grab the orc. You squeeze the orc.
You kill the orc!
The orc throws a tomahawk.
The tomahawk misses you.
It was a potion of flight.
You feel very buoyant.
You fly up into the air.
The orc throws a tomahawk.
The tomahawk hits you.
* * * LOW HITPOINT WARNING * * *
It was a potion of brilliance.
You feel clever all of a sudden.
The orc throws a tomahawk.
The tomahawk closely misses you.
It was a potion of mutation.
You feel extremely strange.
You feel agile.
You feel less in control of your magic.
You feel clever.
The orc priest invokes the aid of Beogh against you.
Beogh smites you!
You die...

#. ##+## #. ##.(.## #.
##.....## #.###
##...)?..## #...#
#..(......####...#####
+.........+...........
#....@....####...#####
##...oo..## ##..#
##..(..## ##.###
##.(.## #...# ##'##
###.# #.# ### #[#
#(###.## #.#
##.##.#.#######.#
##....###........#


You could see an orc priest and an orc.

Vanquished Creatures
  An orc priest (D:3)
  2 adders (D:2)
  4 worms
  3 dart slugs
  3 giant geckos
  An orc (D:3)
  2 giant cockroaches
  7 goblins
  11 hobgoblins
  8 kobolds
  7 bats
  3 giant newts
  5 rats
57 creatures vanquished.

Notes
Turn   | Place    | Note
-------+----------+-------------------------------------------
     0 | D:1      | Musica the Octopode Assassin began the quest for the Orb.
     0 | D:1      | Reached XP level 1. HP: 14/14 MP: 1/1
   126 | D:1      | Reached XP level 2. HP: 13/19 MP: 2/2
   137 | D:1      | Reached skill level 6 in Stealth
   550 | D:1      | Reached XP level 3. HP: 24/24 MP: 3/3
   813 | D:2      | Found a hazy altar of Hepliaklqana.
   943 | D:2      | Reached XP level 4. HP: 25/29 MP: 4/4
  1004 | D:2      | Reached skill level 7 in Stealth
  1082 | D:2      | Found an opulent altar of Gozag.
  1706 | D:3      | Reached XP level 5. HP: 3/34 MP: 5/5
  1728 | D:3      | HP: 1/34 [orc/tomahawk (5)]
  1730 | D:3      | Gained mutation: You are agile. (Dex +2) [potion of mutation]
  1730 | D:3      | Gained mutation: Your spells are a little harder to cast, but a little more powerful. [potion of mutation]
  1730 | D:3      | Gained mutation: Your mind is acute. (Int +2) [potion of mutation]
  1730 | D:3      | Killed from afar by an orc priest

Vault maps used:
D:1:      eino_arrival_cavern_c
D:2:      lemuel_doored_altar, first_bread, grunt_gozag_statues

Skill      XL: |  1  2  3  4 |
---------------+-------------+-----
Stealth        | 6 7 |  7.8
Fighting       | |  2.0
Short Blades   | |  2.4
Maces & Flails | |  0.6
Throwing       | |  2.6
Dodging        | |  1.0
Shields        | |  0.2

Action                   |  1- 3 |  4- 6 || total
-------------------------+-------+-------++-------
Melee: Dagger            |    44 |    13 ||    57
       Constrict         |    11 |    11 ||    22
       Tentacles         |     5 |     9 ||    14
       Whip              |    11 |    34 ||    45
       Rapier            |       |     4 ||     4
 Fire: Blowgun           |     5 |    10 ||    15
  Use: Potion            |       |     3 ||     3
 Stab: Sleeping          |    10 |    11 ||    21
  Eat: Chunk             |       |     2 ||     2
Armor: Skin              |     2 |     5 ||     7
Dodge: Dodged            |    16 |    20 ||    36
Block: Shield            |     4 |       ||     4
       Buckler           |     2 |     5 ||     7
